 Dungeon Crawl Stone Soup version 0.29.1-15-g9cfb28693d (webtiles) character file.

Game seed: 18354765319088963436

87 jtron the Ducker (level 4, 0/34 HPs)
             Began as a Gnoll Wanderer on Mar 20, 2023.
             Slain by Terence
             ... wielding a +0 falchion
              (6 damage)
             ... on level 3 of the Dungeon on Mar 21, 2023.
             The game lasted 00:02:50 (1915 turns).

jtron the Ducker (Gnoll Wanderer)                   Turns: 1915, Time: 00:02:51

Health: 0/34       AC:  3    Str:  7    XL:     4   Next: 51%
Magic:  11/11      EV: 15    Int: 14    God:
Gold:   90         SH:  0    Dex: 15    Spells: 9/13 levels left

rFire   . . .      SeeInvis .   a - +0 trident
rCold   . . .      Faith    .   (no shield)
rNeg    . . .      Spirit   .   d - +0 robe
rPois   .          Reflect  .   b - +0 helmet
rElec   .          Harm     .   (no cloak)
rCorr   .          Rampage  .   (no gloves)
Will    .....                   (no boots)
Stlth   ++........              (no amulet)
HPRegen 0.11/turn               (no ring)
MPRegen 0.12/turn               (no ring)

@: no status effects
A: fangs 1, strong nose, distributed training
a: no special abilities


You were on level 3 of the Dungeon.
You visited 1 branch of the dungeon, and saw 3 of its levels.

You collected 90 gold pieces.

Inventory:

Hand Weapons
 a - a +0 trident (weapon)
 f - a +2 spear
Missiles
 e - 41 stones
 j - 5 poisoned darts
Armour
 b - a +0 helmet (worn)
 d - a +0 robe (worn)
Scrolls
 c - a scroll of fear
 g - a scroll of torment {unknown}
 h - 4 scrolls of identify {unknown}


   Skills:
 + Level 2.8 Fighting
 + Level 1.2 Short Blades
 + Level 1.2 Long Blades
 + Level 1.2 Axes
 + Level 1.2 Maces & Flails
 + Level 6.6 Polearms
 + Level 1.2 Staves
 + Level 1.2 Ranged Weapons
 + Level 1.2 Throwing
 + Level 1.2 Armour
 + Level 6.6 Dodging
 + Level 1.2 Stealth
 + Level 1.2 Shields
 + Level 1.2 Unarmed Combat
 + Level 5.1 Spellcasting
 + Level 1.0 Conjurations
 + Level 2.3 Hexes
 + Level 1.0 Summonings
 + Level 1.0 Necromancy
 + Level 1.0 Translocations
 + Level 1.0 Transmutations
 + Level 1.0 Fire Magic
 + Level 1.0 Ice Magic
 + Level 1.0 Air Magic
 + Level 1.0 Earth Magic
 + Level 1.0 Poison Magic
 + Level 1.3 Invocations
 + Level 1.2 Evocations


You had 9 spell levels left.
You knew the following spells:

 Your Spells              Type           Power      Damage    Failure   Level
a - Slow                  Hex            40%        N/A       7%          1
b - Shock                 Conj/Air       24%        1d4       12%         1
c - Ensorcelled Hibernat  Hex/Ice        16%        N/A       13%         2

Your spell library contained the following spells:

 Spells                   Type           Power      Damage    Failure   Level
 Inner Flame              Hex/Fire       8%         N/A       26%         3
 Spider Form              Tmut/Pois      6%         N/A       34%         3
 Swiftness                Air            6%         N/A       34%         3
 Anguish                  Hex/Necr       4%         N/A       65%         4
 Airstrike                Air            3%         2d(1-17)  75%         4


Dungeon Overview and Level Annotations

Branches:
Dungeon (3/15)

Altars:
Uskayaw

Annotations:
D:3 Terence


Innate Abilities, Weirdness & Mutations

You have very sharp teeth.
Your uncanny sense of smell can sniff out nearby items.
Your experience applies equally to all skills.


Message History

Terence is moderately wounded.
Terence hits you with a +0 falchion!
You are too injured to fight recklessly!
Casting: Shock (safe; 12% risk of failure)
Confirm with . or Enter, or press ? or * to list all spells.
Aiming: Slow (safe; 7% risk of failure)
Press: ? - help, Shift-Dir - straight line, f - Terence
Aim: Terence, wielding a +0 falchion and wearing a +0 chain mail (moderately wounded, chance to affect: 57%) Terence seems to slow down.
Terence hits you with a +0 falchion.
You barely miss Terence.
Terence is moderately wounded.
You hit Terence.
Terence is moderately wounded.
Terence barely misses you.
You hit Terence but do no damage.
Terence is moderately wounded.
Terence misses you.
You hit Terence.
Terence is moderately wounded.
You barely miss Terence.
Terence is moderately wounded.
Terence hits you with a +0 falchion.
* * * LOW HITPOINT WARNING * * *
You hit Terence but do no damage.
Terence is moderately wounded.
Terence closely misses you.
You closely miss Terence.
Terence is moderately wounded.
You hit Terence but do no damage. Your bite misses Terence.
Terence is moderately wounded.
Terence barely misses you.
You hit Terence but do no damage.
Terence is moderately wounded.
Terence misses you.
You hit Terence. You bite Terence, but do no damage.
Terence is heavily wounded.
You hit Terence.
Terence is heavily wounded.
Terence hits you with a +0 falchion.
You die...

####.##### #.# .#
#.# .# #.# .# #.#
####.# # #.#
##....# .# #.#
##.....###.# #.#
##....@.....# #)#
#.....@.....# #.#
#.........(.# #.#
#..?......#.# #.#
##.......## #.#
######....## #)#
##~~~~###!##
#.###~~~~~~###.#
###....~~........#
#.....~~.........#


You could see Terence (slow).

Vanquished Creatures
  An iguana (D:3)
  An adder (D:2)
  2 worms
  2 dart slugs (D:1)
  5 endoplasms
  A giant cockroach (D:2)
  8 goblins
  4 hobgoblins
  A quokka (D:2)
  4 ball pythons
  3 bats
  2 frilled lizards (D:1)
  4 kobolds
  4 rats
42 creatures vanquished.

Notes
Turn   | Place    | Note
-------+----------+-------------------------------------------
     0 | D:1      | jtron the Gnoll Wanderer began the quest for the Orb.
     0 | D:1      | jtron set off with the following items: a +2 spear, a +0
                  | helmet, a scroll of fear, a +0 robe; and the following
                  | spell memorised: Slow; and the following spells available
                  | to memorise: Inner Flame.
     0 | D:1      | Reached XP level 1. HP: 17/17 MP: 6/6
   193 | D:1      | Reached XP level 2. HP: 23/23 MP: 7/7
   208 | D:1      | Found a faded altar of an unknown god.
   632 | D:2      | Reached skill level 5 in Spellcasting
   632 | D:2      | Reached XP level 3. HP: 7/28 MP: 7/9
   651 | D:2      | HP: 2/42 [frozen (2)]
   946 | D:1      | Learned a level 1 spell: Shock
  1076 | D:2      | Reached skill level 1 in Invocations
  1199 | D:2      | Reached skill level 1 in Short Blades
  1199 | D:2      | Reached skill level 1 in Long Blades
  1199 | D:2      | Reached skill level 1 in Axes
  1199 | D:2      | Reached skill level 1 in Maces & Flails
  1199 | D:2      | Reached skill level 1 in Staves
  1199 | D:2      | Reached skill level 1 in Ranged Weapons
  1199 | D:2      | Reached skill level 1 in Throwing
  1199 | D:2      | Reached skill level 1 in Armour
  1199 | D:2      | Reached skill level 1 in Stealth
  1199 | D:2      | Reached skill level 1 in Shields
  1199 | D:2      | Reached skill level 1 in Unarmed Combat
  1199 | D:2      | Reached skill level 1 in Evocations
  1422 | D:3      | Noticed a +0 dagger
  1425 | D:3      | Noticed a +0 hand axe
  1514 | D:3      | Found a hide-covered altar of Uskayaw.
  1541 | D:3      | Reached XP level 4. HP: 34/34 MP: 11/11
  1565 | D:3      | Reached skill level 1 in Conjurations
  1565 | D:3      | Reached skill level 1 in Summonings
  1565 | D:3      | Reached skill level 1 in Necromancy
  1565 | D:3      | Reached skill level 1 in Translocations
  1565 | D:3      | Reached skill level 1 in Transmutations
  1565 | D:3      | Reached skill level 1 in Fire Magic
  1565 | D:3      | Reached skill level 1 in Ice Magic
  1565 | D:3      | Reached skill level 1 in Air Magic
  1565 | D:3      | Reached skill level 1 in Earth Magic
  1565 | D:3      | Reached skill level 1 in Poison Magic
  1568 | D:3      | Learned a level 2 spell: Ensorcelled Hibernation
  1886 | D:3      | Noticed Terence
  1915 | D:3      | Slain by Terence

Illustrated notes

Levels and vault maps discovered:
D:1:      psy_arrival_dodecagon, layout_basic, basic_ecumenical_altar
D:2:      layout_rooms
D:3:      cheibrodos_helix_gallery, layout_loops_ring, dancing_weapons_uskayaw,
          uniq_grinder, uniq_terence

Skill      XL: |  1  2  3  4 |
---------------+-------------+-----
Hexes          | 2 |  2.3
Spellcasting   | 5 |  5.1
Invocations    | 1 |  1.3
Short Blades   | 1 |  1.2
Long Blades    | 1 |  1.2
Axes           | 1 |  1.2
Maces & Flails | 1 |  1.2
Staves         | 1 |  1.2
Ranged Weapons | 1 |  1.2
Throwing       | 1 |  1.2
Armour         | 1 |  1.2
Stealth        | 1 |  1.2
Shields        | 1 |  1.2
Unarmed Combat | 1 |  1.2
Evocations     | 1 |  1.2
Conjurations   | 1 |  1.0
Summonings     | 1 |  1.0
Necromancy     | 1 |  1.0
Translocations | 1 |  1.0
Transmutations | 1 |  1.0
Fire Magic     | 1 |  1.0
Ice Magic      | 1 |  1.0
Air Magic      | 1 |  1.0
Earth Magic    | 1 |  1.0
Poison Magic   | 1 |  1.0
Fighting       | |  2.8
Polearms       | |  6.6
Dodging        | |  6.6

Action                   |  1- 3 |  4- 6 || total
-------------------------+-------+-------++-------
Melee: Trident           |   105 |    52 ||   157
       Bite              |    10 |     3 ||    13
       Punch             |     1 |     1 ||     2
 Cast: Slow              |     2 |     1 ||     3
       Shock             |     2 |       ||     2
  Use: Potion            |     1 |       ||     1
 Stab: Sleeping          |     2 |       ||     2
Armor: Robe              |    13 |       ||    13
       Skin              |     8 |       ||     8
Dodge: Dodged            |    40 |    25 ||    65
